 Dungeon Crawl Stone Soup version 0.30-a0-223-gcb0039aa0c (webtiles) character file.

Game seed: 1872473720073707746

441 qw the Chopper (level 7, 0/44 HPs)
             Began as a Gargoyle Fighter on Oct 9, 2022.
             Slain by a gnoll bouda
             ... wielding a +0 whip
              (2 damage)
             ... on level 5 of the Dungeon.
             The game lasted 00:01:16 (3001 turns).

qw the Chopper (Gargoyle Fighter)                   Turns: 3001, Time: 00:01:16

Health: 0/44       AC: 17    Str: 21    XL:     7   Next: 2%
Magic:  7/7        EV:  7    Int:  7    God:
Gold:   253        SH:  4    Dex:  9    Spells: 6/6 levels left

rFire   . . .      SeeInvis .    Y - +0 war axe
rCold   + . .      Faith    .    c - +0 buckler
rNeg    + . .      Spirit   .    r - +0 chain mail
rPois   inf        Reflect  .    (no helmet)
rElec   +          Harm     .    i - +1 cloak
rCorr   .          Rampage  .    u - +0 pair of gloves
Will    .....      Clarity  +    (no boots)
Stlth   ..........               (no amulet)
HPRegen 0.27/turn                k - ring of protection from cold
MPRegen 0.10/turn                (no ring)

@: about to teleport, weakened
A: sickness immunity, AC +4, negative energy resistance 1, electricity
resistance, torment resistance 1, petrification resistance, clarity, dopey 1,
screaming 1, wild magic 1
a: no special abilities


You were on level 5 of the Dungeon.
You visited 1 branch of the dungeon, and saw 5 of its levels.
You also visited: Sewer.

You collected 253 gold pieces.


Innate Abilities, Weirdness & Mutations

You are immune to sickness and miasma.
Your stone body is resilient. (AC +4)
You are immune to poison.
You resist negative energy. (rN+)
You are resistant to electric shocks. (rElec)
You are resistant to unholy torment.
You are immune to petrification.
You possess an exceptional clarity of mind.
You are dopey. (Int -2)
You occasionally shout uncontrollably at your foes.
Your spells are a little harder to cast, but a little more powerful.


   Skills:
 - Level 4.8 Fighting
 + Level 5.9 Axes
 - Level 3.2 Armour
 - Level 3.2 Shields


You had 6 spell levels left.
You didn't know any spells.
Your spell library was empty.

Inventory:

Hand Weapons
 l - a +0 flail
 Y - a +0 war axe (weapon)
Missiles
 q - 2 boomerangs (quivered)
Armour
 c - a +0 buckler (worn)
 i - a +1 cloak (worn)
 r - a +0 chain mail (worn)
 u - a +0 pair of gloves (worn)
Jewellery
 k - a ring of protection from cold (left hand)
Scrolls
 g - 3 scrolls of teleportation
Potions
 a - a potion of lignification {unknown}
 d - a potion of might
 e - a potion of curing
 f - 3 potions of mutation
 h - a potion of heal wounds {unknown}
 j - a potion of invisibility {unknown}
 m - a potion of brilliance {unknown}
 n - a potion of degeneration {unknown}
 o - a potion of flight {unknown}
 s - a potion of attraction {unknown}

Dungeon Overview and Level Annotations

Branches:
Dungeon (5/15)              Sewer (visited)
 Temple: D:4-7

Altars:
Fedhas
Nemelex Xobeh
Ru
Sif Muna
The Shining One


Message History

The hornet barely misses you. You block the gnoll's attack.
The hornet stings you but does no damage.
You slash the hornet!
The hornet is moderately wounded.
You closely miss the gnoll bouda.
The hornet stings you but does no damage. x2
The gnoll closely misses you.
The gnoll bouda gazes fiercely through you!
You feel your attacks grow feeble.
The gnoll bouda hits you but does no damage.
You closely miss the hornet.
The hornet is moderately wounded.
You hit the gnoll bouda but do no damage.
The hornet barely misses you. You block the gnoll's attack.
You block the gnoll bouda's attack. The hornet stings you.
You hit the hornet but do no damage.
The hornet is moderately wounded.
You hit the gnoll bouda. You block the hornet's attack.
The gnoll hits you but does no damage.
The gnoll bouda barks out a call to the hunt!
The gnolls pick up the pace!
You hit the hornet but do no damage.
The hornet is moderately wounded.
You hit the gnoll bouda.
The hornet stings you but does no damage.
The gnoll hits you from afar with a +0 spear.
The gnoll bouda closely misses you. The hornet stings you!
3000 ||| READING 4 scrolls of teleportation.
As you read the scroll of teleportation, it crumbles to dust.
You feel strangely unstable. You block the hornet's attack.
The gnoll barely misses you.
The gnoll bouda gazes fiercely through you!
You feel as though you will be weak longer.
The gnoll bouda barely misses you. The hornet stings you.
You hit the hornet but do no damage.
The hornet is moderately wounded.
You barely miss the gnoll bouda. The gnoll completely misses you.
The gnoll bouda hits you with a +0 whip.
You die...

............
...........
..........
....... $
...<. ...
#..# #....
##.y##......
#..@ggg..8.8
##..##gg.....
#..## ..8...8
#..# #......
##.## .8.8.8
#####..#
.g....
##.....##
....8
#......#


gg... #..}..## You could see a hornet, a gnoll bouda and 4 gnolls.

Vanquished Creatures
  Pargi (Sewer)
  An ogre (D:3)
  A scorpion (D:4)
  A hound (D:4)
  A jelly (D:4)
  An orc priest (D:3)
  2 adders (D:3)
  4 worms
  5 dart slugs
  10 orcs
  An endoplasm (D:3)
  3 giant cockroaches
  6 goblins
  10 hobgoblins
  2 jackals (D:3)
  4 kobolds
  6 quokkas
  3 ball pythons
  3 bats
  2 frilled lizards
  9 rats
76 creatures vanquished.

Notes
Turn   | Place    | Note
-------+----------+-------------------------------------------
     0 | D:1      | qw the Gargoyle Fighter began the quest for the Orb.
     0 | D:1      | Reached XP level 1. HP: 14/14 MP: 1/1
     0 | D:1      | 0 ||| qw: Version: 0.2-a-17-g06abaee
     0 | D:1      | 0 ||| qw: Game counter: 2062
     0 | D:1      | 0 ||| qw: Always use a shield: true
     0 | D:1      | 0 ||| qw: God list: Okawaru
     0 | D:1      | 0 ||| qw: Allow faded altars: false
     0 | D:1      | 0 ||| qw: Do Orc after D:15 true
     0 | D:1      | 0 ||| qw: Do second Lair branch before Depths: true
     0 | D:1      | 0 ||| qw: Lair rune preference: random
     0 | D:1      | 0 ||| qw: Plans: Normal, Zot:1-4, God:TSO, Crypt, Tomb,
                  | Pan, Slime:5, Hells, Abyss, Orb
     0 | D:1      | 0 ||| PLANNING D:1-11
    17 | D:1      | Reached skill level 2 in Axes
    88 | D:1      | Reached XP level 2. HP: 19/19 MP: 2/2
   510 | D:1      | 510 ||| READING scroll labelled RAOSIA ASIHOMP.
   514 | D:1      | 514 ||| READING scroll labelled UDEUFR IWIE.
   615 | D:1      | 615 ||| READING scroll labelled WIEMMUG YFOCS.
   631 | D:2      | Found a blossoming altar of Fedhas.
   727 | D:2      | Reached skill level 3 in Axes
   768 | D:2      | Reached XP level 3. HP: 23/23 MP: 3/3
   874 | D:2      | 874 ||| Stepping ~*~*~tactically~*~*~ (hiding).
  1115 | D:2      | 1115 ||| Stepping ~*~*~tactically~*~*~ (hiding).
  1149 | D:2      | 1149 ||| Stepping ~*~*~tactically~*~*~ (stealth).
  1155 | D:2      | 1155 ||| Stepping ~*~*~tactically~*~*~ (stealth).
  1338 | D:2      | 1338 ||| UPGRADING to +0 cloak.
  1343 | D:2      | 1343 ||| READING scroll labelled HANKUVAMOMM.
  1364 | D:3      | 1364 ||| PLANNING SEWER
  1497 | D:3      | 1497 ||| Stepping ~*~*~tactically~*~*~ (stealth).
  1505 | D:3      | Reached XP level 4. HP: 26/28 MP: 4/4
  1524 | D:3      | 1524 ||| DROPPING +0 club.
  1655 | D:3      | Found a glowing golden altar of the Shining One.
  1665 | D:3      | Found a sparkling altar of Nemelex Xobeh.
  1823 | D:3      | Reached skill level 4 in Axes
  1834 | D:3      | Found a glowing drain.
  1868 | D:3      | 1868 ||| READING scroll labelled NIJUNG QYNUPHO.
  1869 | D:3      | 1869 ||| READING scroll labelled ANLOGHUTOB.
  1875 | Sewer    | Entered a sewer
  1965 | Sewer    | Noticed Pargi
  1974 | Sewer    | Killed Pargi
  1975 | Sewer    | Reached skill level 5 in Axes
  1975 | Sewer    | Reached XP level 5. HP: 19/32 MP: 5/5
  2033 | Sewer    | 2033 ||| READING scroll of enchant armour.
  2033 | Sewer    | 2033 ||| ENCHANTING +0 cloak.
  2034 | Sewer    | 2034 ||| UPGRADING to ring of protection from cold.
  2035 | Sewer    | 2035 ||| DRINKING 2 murky white potions.
  2035 | Sewer    | Gained mutation: You possess an exceptional clarity of
                  | mind. [potion of mutation]
  2035 | Sewer    | Gained mutation: You are dopey. (Int -2) [potion of
                  | mutation]
  2035 | Sewer    | Gained mutation: You occasionally shout uncontrollably at
                  | your foes. [potion of mutation]
  2035 | Sewer    | Gained mutation: Your spells are a little harder to cast,
                  | but a little more powerful. [potion of mutation]
  2051 | D:3      | 2051 ||| PLANNING D:1-11
  2178 | D:3      | Reached XP level 6. HP: 32/38 MP: 6/6
  2265 | D:3      | 2265 ||| Stepping ~*~*~tactically~*~*~ (hiding).
  2276 | D:3      | Found a blossoming altar of Fedhas.
  2404 | D:3      | 2404 ||| UPGRADING to +0 chain mail.
  2414 | D:3      | 2414 ||| DROPPING +0 scale mail.
  2415 | D:3      | 2415 ||| UPGRADING to +0 pair of gloves.
  2420 | D:3      | 2420 ||| READING scroll labelled OGRUINL JAIT.
  2421 | D:3      | 2421 ||| READING scroll labelled MEEZETT DI VYI.
  2440 | D:4      | 2440 ||| STAIRDANCE
  2624 | D:4      | 2624 ||| Stepping ~*~*~tactically~*~*~ (stealth).
  2723 | D:4      | 2723 ||| Stepping ~*~*~tactically~*~*~ (stealth).
  2724 | D:4      | 2724 ||| Stepping ~*~*~tactically~*~*~ (stealth).
  2834 | D:4      | Found a sacrificial altar of Ru.
  2834 | D:4      | Found a shimmering blue altar of Sif Muna.
  2913 | D:4      | Reached XP level 7. HP: 44/44 MP: 7/7
  2937 | D:4      | 2937 ||| READING scroll labelled ANWADU TUSEG.
  2950 | D:5      | Entered Level 5 of the Dungeon
  2981 | D:5      | 2981 ||| Stepping ~*~*~tactically~*~*~ (hiding).
  2982 | D:5      | 2982 ||| Stepping ~*~*~tactically~*~*~ (hiding).
  2984 | D:5      | Noticed a hornet
  2985 | D:5      | 2985 ||| Stepping ~*~*~tactically~*~*~ (stealth).
  2986 | D:5      | 2986 ||| Stepping ~*~*~tactically~*~*~ (stealth).
  2999 | D:5      | HP: 3/44 [hornet (11)]
  3000 | D:5      | 3000 ||| READING 4 scrolls of teleportation.
  3001 | D:5      | Slain by a gnoll bouda

Levels and vault maps discovered:
D:1:      reono_arrival_forest_river, layout_basic
D:2:      layout_rooms, basic_altar, lemuel_flame_loot_1
D:3:      layout_loops_ring, mainiacjoe_overflow_catwalk_spiral,
          lemuel_crystal_altar, gup_sewer_entry_bubbles
D:4:      layout_cave_pools, gammafunk_temple_overflow_pools
D:5:      layout_cave_pods, serial_column_ruins, column_ruins_open_tiny,
          column_ruins_grid_3, column_ruins_grid_1, column_ruins_grid_4,
          column_ruins_open_small, column_ruins_grid_1, chequers_jeans,
          uniq_edmund, uniq_ijyb, uniq_duvessa

Skill      XL: |  1  2  3  4  5  6 |
---------------+-------------------+-----
Axes           | 2 3 5 |  5.9
Fighting       | 4 |  4.8
Armour         | |  3.2
Shields        | |  3.2

Action                   |  1- 3 |  4- 6 |  7- 9 || total
-------------------------+-------+-------+-------++-------
Melee: War axe           |    95 |   146 |    13 ||   254
Throw: Boomerang         |       |    14 |       ||    14
  Use: Scroll            |     4 |     5 |     2 ||    11
       Potion            |       |     1 |       ||     1
Armor: Scale mail        |    35 |    65 |       ||   100
       Chain mail        |       |    17 |    17 ||    34
Dodge: Dodged            |    27 |    71 |    14 ||   112
Block: Buckler           |    25 |    27 |     6 ||    58

Table legend:
 A = Non-vault XP
 B = Vault XP
 C = Vault XP percentage of total XP
 D = Non-vault monster count
 E = Vault monster count
 F = Vault count percentage of total count
                 A         B        C        D         E       F
            +---------+---------+-------+---------+---------+-------
      Total |     456 |     175 |  27.7 |      65 |      10 |  13.3
            +---------+---------+-------+---------+---------+-------
        D:1 |      21 |       0 |   0.0 |      12 |       0 |   0.0
        D:2 |      45 |       0 |   0.0 |      20 |       0 |   0.0
        D:3 |     204 |      41 |  16.7 |      22 |       7 |  24.1
        D:4 |     186 |       0 |   0.0 |      11 |       0 |   0.0
      Sewer |       0 |     134 | 100.0 |       0 |       3 | 100.0
            +---------+---------+-------+---------+---------+-------
